 Dungeon Crawl Stone Soup version 0.26.1-2-gb8aa6d0cf2 (webtiles) character file.

Game seed: 10820009590276655052

3408 Descartes the Nimble (level 9, -3/47 HPs)
             Began as a Deep Elf Wanderer on Feb 16, 2021.
             Was an Initiate of Gozag.
             Splashed by a brown ugly thing's acid (10 damage)
             ... on level 7 of the Dungeon.
             The game lasted 00:33:43 (12130 turns).

Descartes the Nimble (Deep Elf Wanderer)           Turns: 12130, Time: 00:33:44

Health: -3/47      AC:  7    Str: 10    XL:     9   Next: 75%
Magic:  1/27       EV: 18    Int: 26    God:    Gozag
Gold:   743        SH:  0    Dex: 14    Spells: 13/18 levels left

rFire    + . .     SeeInvis .   M - +1 war axe of Theory {vorpal, rElec rC+ Will+ Int+4}
rCold    + . .     Faith    .   (no shield)
rNeg     + . .     Spirit   .   C - +2 leather armour of Omission {Rampage rN+ Dex+2}
rPois    .         Reflect  .   A - +0 helmet
rElec    +         Harm     .   (no cloak)
rCorr    .         Rampage  +   P - +0 pair of gloves
Will     +....                  (no boots)
Stlth    +++.......             c - amulet of the acrobat
HPRegen  0.15/turn              e - ring of protection from fire
MPRegen  0.20/turn              s - ring of magical power

@: no status effects
A: no striking features
a: Renounce Religion, Potion Petition, Call Merchant, Bribe Branch


You were on level 7 of the Dungeon.
You worshipped Gozag.
Gozag was pleased with you.
You visited 2 branches of the dungeon, and saw 9 of its levels.
You also visited: Sewer.

You collected 788 gold pieces.
You paid 45 gold pieces to Gozag.

Inventory:

Hand Weapons
 a - a +2 quarterstaff
 i - a +2 whip of freezing
 l - a +0 hunting sling
 x - a +0 short sword of draining
 M - the +1 war axe of Theory (weapon) {vorpal, rElec rC+ Will+ Int+4}
   (You found it on level 5 of the Dungeon)

   It inflicts extra damage upon your enemies.
   It affects your intelligence (+4).
   It protects you from cold.
   It insulates you from electricity.
   It affects your willpower, your defense against some magical effects.
 U - a +0 scimitar of draining
Missiles
 f - 235 stones (quivered)
 j - 142 bolts
 y - 25 sling bullets
 F - 2 boomerangs
 G - 4 silver boomerangs
 K - 15 arrows
 R - 38 poisoned darts
Armour
 v - a +1 robe
 A - a +0 helmet (worn)
 B - a +0 plate armour
 C - the +2 leather armour of Omission (worn) {Rampage rN+ Dex+2}
   (You found it on level 4 of the Dungeon)

   It affects your dexterity (+2).
   It protects you from negative energy.
   It bestows one free step when moving towards enemies.
 D - a +0 robe of willpower
 P - a +0 pair of gloves (worn)
 V - +0 steam dragon scales
Jewellery
 c - an amulet of the acrobat (around neck)
 d - an uncursed ring of fire
 e - a ring of protection from fire (left hand)
 s - a ring of magical power (right hand)
 w - an uncursed ring of wizardry
 L - an uncursed ring of ice
Wands
 o - a wand of digging (6)
 t - a wand of random effects (19)
 I - a wand of flame (14)
 S - a wand of iceblast (4)
Scrolls
 g - a scroll of amnesia
 h - 5 scrolls of remove curse
 k - a scroll of magic mapping
 m - 3 scrolls of immolation {unknown}
 n - a scroll of enchant armour {unknown}
 E - 4 scrolls of teleportation
 H - 2 scrolls of identify
 N - a scroll of fear {unknown}
 O - a scroll of blinking {unknown}
 W - a scroll of random uselessness {unknown}
Potions
 b - 3 potions of haste
 p - 2 potions of heal wounds
 q - 4 potions of attraction
 r - 2 potions of curing
 u - 4 potions of lignification
 z - 2 potions of resistance
 J - a potion of might
 Q - 2 potions of berserk rage
 T - a potion of ambrosia


   Skills:
 - Level 1.0 Fighting
 - Level 2.0 Axes
 - Level 4.0 Staves
 + Level 10.3 Dodging
 - Level 5.0 Stealth
 - Level 5.0 Spellcasting
 - Level 5.0 Conjurations
 - Level 3.0 Transmutations
 - Level 5.0 Fire Magic
 - Level 5.0 Poison Magic
 - Level 3.0 Evocations


You had 13 spell levels left.
You knew the following spells:

 Your Spells              Type           Power        Failure   Level
a - Foxfire               Conj/Fire      100%         1%          1
b - Beastly Appendage     Tmut           44%          3%          1
c - Ignite Poison         Fire/Tmut/Pois 29%          5%          3

Your spell library contained the following spells:

 Spells                   Type           Power        Failure   Level
 Spider Form              Tmut/Pois      13%          6%          3


Dungeon Overview and Level Annotations

Branches:
Dungeon (8/15)             Temple (1/1) D:6           Sewer (visited)
   Lair: D:8-11

Altars:
Ashenzari
Cheibriados
Dithmenos
Elyvilon
Fedhas
Gozag
Hepliaklqana
Kikubaaqudgha
Makhleb
Nemelex Xobeh
Okawaru
Qazlal
Ru
Sif Muna
Trog
Uskayaw
Vehumet
Wu Jian
Xom
Yredelemnul
Zin
The Shining One

Shops:
D:5 (


Message History

You are splashed with acid!
* * * LOW HITPOINT WARNING * * *
You closely miss the brown ugly thing.
The brown ugly thing is severely wounded.
The foxfire hits the brown ugly thing but does no damage.
The brown ugly thing is severely wounded.
The foxfire hits the brown ugly thing.
The brown ugly thing is severely wounded.
The brown ugly thing barely misses you.
The brown ugly thing closely misses you.
You feel much better. The brown ugly thing claws you.
You are splashed with acid!
* * * LOW HITPOINT WARNING * * *
Casting: Foxfire (safe; 1% risk of failure)
Confirm with . or Enter, or press ? or * to list all spells.
You conjure some foxfire!
The brown ugly thing claws you.
* * * LOW HITPOINT WARNING * * *
You are splashed with acid!
You die...
Your body crumbles into a pile of gold.

##### #...# ##### #...# #...#
#...#########.v.################
#.>.'.........u@................
#...##.######.v.############....
##.###.# ######## #.....#.##.
#.###.###...#########.....#.##.
#.........................'....
#####.###...#########.....#=##.
#.########### #.....#.##.
#...........# #######.##.
###########.# #.##.


You could see a brown ugly thing.

Vanquished Creatures
  Pikel (D:4)
  Maggie (D:7)
  Grinder (D:5)
  A water moccasin (D:7)
  2 ice beasts
  Duvessa (D:6)
  Purgy (Sewer)
  2 sky beasts (D:5)
  4 ogres
  A centaur (D:8)
  2 bullfrogs
  A scorpion (D:6)
  Dowan (D:6)
  A howler monkey (D:8)
  A bullfrog zombie (D:5)
  3 hounds
  5 orc priests
  7 orc wizards
  2 bullfrog skeletons
  2 iguanas
  2 jellies (D:7)
  Jessica (D:3)
  Ijyb (D:3)
  Terence (D:3)
  3 worker ants
  A hound skeleton (D:4)
  Robin (D:2)
  9 gnolls
  6 adders
  A white imp (D:7)
  An ufetubus (D:5)
  An adder zombie (D:5)
  5 worms
  A dart slug (D:2)
  3 leopard geckos
  28 orcs
  4 ball pythons
  4 giant cockroaches
  19 goblins
  4 hobgoblins
  15 jackals
  2 quokkas
  14 bats
  7 frilled lizards
  A jackal zombie (D:5)
  8 kobolds
  A leopard gecko skeleton (D:4)
  A quokka skeleton (D:6)
  7 rats
192 creatures vanquished.

Vanquished Creatures (collateral kills)
  2 foxfires (D:2)
2 creatures vanquished.

Vanquished Creatures (others)
  875 foxfires
875 creatures vanquished.

Grand Total: 1069 creatures vanquished

Notes
Turn   | Place    | Note
-------+----------+-------------------------------------------
     0 | D:1      | Descartes the Deep Elf Wanderer began the quest for the
                  | Orb.
     0 | D:1      | Descartes set off with the following items: a +2
                  | quarterstaff, a +0 robe; and the following spells available
                  | to memorise: Foxfire, Beastly Appendage, Ignite Poison,
                  | Spider Form
     0 | D:1      | Reached XP level 1. HP: 12/12 MP: 6/6
     2 | D:1      | Learned a level 1 spell: Foxfire
     4 | D:1      | Learned a level 1 spell: Beastly Appendage
   326 | D:1      | Reached XP level 2. HP: 16/16 MP: 6/8
   686 | D:1      | Reached skill level 1 in Conjurations
  1520 | D:2      | Reached XP level 3. HP: 20/20 MP: 5/9
  1580 | D:2      | Noticed Robin
  1934 | D:2      | Killed Robin
  2092 | D:2      | Reached XP level 4. HP: 25/25 MP: 1/10
  2249 | D:2      | Learned a level 3 spell: Ignite Poison
  3454 | D:3      | Noticed Ijyb
  3462 | D:3      | Killed Ijyb
  3463 | D:3      | Reached XP level 5. HP: 27/29 MP: 11/11
  3519 | D:3      | Noticed Jessica
  3537 | D:3      | Killed Jessica
  4172 | D:3      | Noticed Terence
  4184 | D:3      | Killed Terence
  4821 | D:4      | Reached XP level 6. HP: 34/34 MP: 12/12
  4828 | D:4      | Got a scorched leather armour
  4845 | D:4      | Reached skill level 1 in Poison Magic
  4846 | D:4      | Reached skill level 1 in Transmutations
  4853 | D:4      | Identified the +2 leather armour of Omission {Rampage rN+
                  | Dex+2} (You found it on level 4 of the Dungeon)
  5445 | D:4      | Reached skill level 5 in Fire Magic
  5482 | D:4      | Reached XP level 7. HP: 24/38 MP: 12/15
  5714 | D:4      | Found an opulent altar of Gozag.
  5720 | D:4      | Became a worshipper of Gozag Ym Sagoz the Greedy
  6115 | D:5      | Entered Level 5 of the Dungeon
  6188 | D:5      | Reached skill level 1 in Dodging
  6269 | D:5      | Noticed Pikel
  6675 | D:4      | Killed Pikel
  6676 | D:4      | Reached skill level 2 in Dodging
  6676 | D:4      | Reached skill level 5 in Spellcasting
  6676 | D:4      | Reached XP level 8. HP: 18/43 MP: 13/17
  6918 | D:5      | Reached skill level 5 in Stealth
  7224 | D:5      | Found Emuu's Antique Weapon Emporium.
  7358 | D:5      | Reached skill level 3 in Dodging
  7358 | D:5      | Reached skill level 5 in Conjurations
  7857 | D:5      | Got a masterwork war axe
  7858 | D:5      | Identified the cursed +1 war axe of Theory {vorpal, rElec
                  | rC+ Will+ Int+4} (You found it on level 5 of the Dungeon)
  7897 | D:5      | Noticed Grinder
  7913 | D:5      | Killed Grinder
  7914 | D:5      | Reached skill level 1 in Axes
  7914 | D:5      | Reached skill level 4 in Dodging
  8199 | D:6      | Noticed Dowan
  8200 | D:6      | Noticed Duvessa
  8225 | D:6      | Found a staircase to the Ecumenical Temple.
  8234 | D:6      | Killed Dowan
  8266 | D:6      | Found a glowing drain.
  8277 | Sewer    | Entered a sewer
  8422 | Sewer    | Noticed Purgy
  8427 | Sewer    | Killed Purgy
  8678 | D:6      | Reached skill level 5 in Poison Magic
  8685 | D:6      | Reached skill level 5 in Dodging
  8685 | D:6      | Reached XP level 9. HP: 42/47 MP: 13/18
  8990 | D:6      | Killed Duvessa
  8991 | D:6      | Reached skill level 6 in Dodging
  9269 | Temple   | Entered the Ecumenical Temple
  9720 | D:6      | Reached skill level 7 in Dodging
 10379 | D:7      | Reached skill level 8 in Dodging
 11044 | D:7      | Reached skill level 9 in Dodging
 11594 | D:7      | Noticed Maggie
 11608 | D:7      | Killed Maggie
 11830 | D:8      | Reached skill level 10 in Dodging
 12099 | D:8      | Noticed a brown ugly thing
 12130 | D:7      | Splashed by a brown ugly thing's acid

Illustrated notes

Levels and vault maps discovered:
D:1:      minmay_arrival_nine_rooms, layout_loops_ring
D:2:      cheibrodos_old_hovel, layout_basic, uniq_robin
D:3:      layout_basic, hangedman_decor_clover_reticule,
          chequers_serial_rivers_small_b, chequers_hall_statues_y,
          amcnicky_mini_corridor_feature, uniq_terence, uniq_jessica, uniq_ijyb
D:4:      layout_cave_pods, nicolae_gozag_cash_rules_everything_around_me,
          serial_column_ruins, column_ruins_corridor_straight,
          column_ruins_open_tiny, column_ruins_open_medium,
          column_ruins_corridor_straight
D:5:      layout_basic, serial_shops, nicolae_shop_trees, uniq_grinder,
          uniq_pikel
D:6:      layout_loops_ring, minmay_temple_entry_butterflies,
          cheibrodos_sewer_entry_sluice, uniq_duvessa
D:7:      layout_basic, uniq_maggie
D:8:      layout_cave_pools, serial_gnoll_camp, gnoll_camp_mini_basic,
          gnoll_camp_mini_shop, gnoll_camp_medium_02, gnoll_camp_mini_hut,
          gnoll_camp_huts_moat, grums_kennel
Temple:   kilobyte_greek_temple

Skill      XL: |  1  2  3  4  5  6  7  8  9 |
---------------+----------------------------+-----
Stealth        | 2 3 4 5 |  5.0
Conjurations   | 1 2 3 4 5 |  5.0
Evocations     | 2 3 |  3.0
Fire Magic     | 4 5 |  5.0
Poison Magic   | 1 3 5 |  5.0
Transmutations | 1 3 |  3.0
Spellcasting   | 4 5 |  5.0
Dodging        | 2 5 10 | 10.3
Staves         | 3 4 |  4.0
Axes           | 2 |  2.0
Fighting       | |  1.0

Action                   |  1- 3 |  4- 6 |  7- 9 || total
-------------------------+-------+-------+-------++-------
Melee: Quarterstaff      |    18 |    25 |     7 ||    50
       War axe           |       |       |    31 ||    31
 Cast: Foxfire           |    84 |   190 |   387 ||   661
Evoke: Wand              |       |       |     8 ||     8
  Use: Potion            |     2 |       |     3 ||     5
       Scroll            |       |       |    14 ||    14
Armor: Robe              |     9 |     6 |       ||    15
       Leather armour    |       |     3 |    27 ||    30
Dodge: Dodged            |    32 |    43 |   121 ||   196
